[Event "*** Titled Tuesday Blitz"]
[Site "Chess.com"]
[Date "2019.12.03"]
[Round "7"]
[White "GCamachoMartinez"]
[Black "Heineccius"]
[Result "1-0"]
[WhiteElo "2459"]
[BlackElo "2631"]
[TimeControl "180+2"]
[EndTime "14:35:09 PST"]
[Termination "GCamachoMartinez won by resignation"]

1. d4 Nf6 2. c4 e6 3. Nf3 Bb4+ 4. Bd2 a5 5. g3 d6 6. Bg2 Nbd7 7. O-O e5 8. dxe5 dxe5 9. Bxb4 axb4 10. Nfd2 O-O 11. Nb3 Qe7 12. N1d2 c6 13. Qc2 Nc5 14. Nxc5 Qxc5 15.
Nb3 Qe7 16. Nd2 Be6 17. b3 Ra5 18. Rfd1 Rfa8 19. Nf1 Nd7 20. Ne3 g6 21. Qd2 Kf8 22. h4 Nf6 23. Qc2 Kg7 24. Rd2 Qc5 25. Qd1 e4 26.
Kh2 Qe5 27. Bh3 Bxh3 28. Kxh3 Ra3 29. Kg2 Rxb3 30. Qxb3 Qxa1 31. Qxb4 Qe1 32. Qb2 Re8 33. Rd6 Re6 34. Rxe6 fxe6 35. Ng4 1-0

[Event "*** Titled Tuesday Blitz"]
[Site "Chess.com"]
[Date "2019.12.03"]
[Round "7"]
[White "INLOVEWITHF"]
[Black "IMRosen"]
[Result "1/2-1/2"]
[WhiteElo "2446"]
[BlackElo "2587"]
[TimeControl "180+2"]
[EndTime "14:35:12 PST"]
[Termination "Game drawn by repetition"]

1. e4 e5 2. Nf3 Nf6 3. Nxe5 Nc6 4.
d4 Nxe4 5. Bd3 Nxe5 6. dxe5 Nc5 7. O-O d5 8. exd6 Bxd6 9. Re1+ Be6 10. Nc3 Qf6 11.
Ne4 Nxe4 12. Bxe4 O-O-O 13. Qf3 Qxf3 14. Bxf3 Bf5 15. c3 Rhe8 16. Bg5 f6 17. Bh4 g5 18. Bg3 Rxe1+ 19. Rxe1 Bxg3 20. hxg3 Rd2 21. Re2 Rxe2 22. Bxe2 Kd7 23. f4 Kd6 24. Kf2 Be4 25. Bf3 Kd5 26. Ke3 Bxf3 27. Kxf3 h5 28. Ke3 c5 29.
b3 b5 30. Kd3 c4+ 31. bxc4+ bxc4+ 32. Ke3 g4 33. a3 a6 34. a4 a5 35. Kd2 Ke4 36. Ke2 Kd5 37. Kd2 Ke4 38. Ke2 Kd5 39. Kd2 1/2-1/2

[Event "*** Titled Tuesday Blitz"]
[Site "Chess.com"]
[Date "2019.12.03"]
[Round "7"]
[White "pulvettd"]
[Black "gmcorrales"]
[Result "1/2-1/2"]
[WhiteElo "2624"]
[BlackElo "2732"]
[TimeControl "180+2"]
[EndTime "14:35:13 PST"]
[Termination "Game drawn by repetition"]

1. d4 Nf6 2. c4 g6 3. Nc3 d5 4. Nf3 Bg7 5. h4 c6 6. cxd5 cxd5 7. Bf4 Nc6 8. e3 O-O 9. Ne5 e6 10. Be2 h6 11. Rc1 Bd7 12. g4 Nxe5 13. Bxe5 Ne8 14.
Bg3 Rc8 15. Qb3 Bc6 16. Qa3 a6 17. Kd2 Nf6 18. f3 Nd7 19. Rhd1 e5 20. Kc2 exd4 21. exd4 Re8 22. Kb1 b5 23. Qxa6 b4 24. Nb5 Ra8 25.
Qxc6 Qa5 26. Qxd5 Nb6 27. Qb3 Rxe2 28. Nd6 Nd5 29. Rc5 Nc3+ 30. bxc3 Qxa2+ 31. Qxa2 Raxa2 32. cxb4 Reb2+ 33. Kc1 Rg2 34. Kb1 Rgb2+ 35. Kc1 Rg2 36. Kb1 Rab2+ 37. Kc1 Ra2 1/2-1/2

[Event "*** Titled Tuesday Blitz"]
[Site "Chess.com"]
[Date "2019.12.03"]
[Round "7"]
[White "Eltaj_Safarli"]
[Black "Faustregel"]
[Result "0-1"]
[WhiteElo "2975"]
[BlackElo "2773"]
[TimeControl "180+2"]
[EndTime "14:35:16 PST"]
[Termination "Faustregel won by resignation"]

1. e4 c5 2. Nc3 d6 3. Bb5+ Bd7 4.
Bxd7+ Nxd7 5. d4 Ngf6 6. Nge2 cxd4 7. Qxd4 g6 8. Be3 Bg7 9. f3 O-O 10. Qd2 a6 11. O-O-O b5 12. Bh6 Nb6 13. Bxg7 Kxg7 14. h4 Nc4 15. Qd3 Qa5 16. Nd4 Ne5 17. Qe3 Rfc8 18.
Kb1 Nc4 19. Qd3 e6 20. h5 Nxh5 21. Nce2 Nf6 22. g4 h6 23. Rh2 Qb6 24. Ng3 Qc5 25. Rdh1 Rh8 26. Rh4 Qe5 27. Nge2 Rac8 28. R4h3 d5 29.
exd5 Nxd5 30. R3h2 b4 31. Ka1 a5 32. g5 Qxg5 33.
Rh4 Nd6 34. Qa6 Qd8 35. Rg4 h5 36. Rgg1 a4 37. Qd3 Qf6 38. f4 a3 39. Re1 axb2+ 40. Kb1 Nc4 41. f5 exf5 42. Rhg1 Rhd8 43. Nxf5+ Kf8 44. Nfd4 Nc3+ 45. Nxc3 bxc3 46. Qxc3 Rxd4 47. Qb4+ Kg8 0-1

[Event "*** Titled Tuesday Blitz"]
[Site "Chess.com"]
[Date "2019.12.03"]
[Round "7"]
[White "Vugar_Manafov"]
[Black "Saitama_Hero"]
[Result "1-0"]
[WhiteElo "2505"]
[BlackElo "2315"]
[TimeControl "180+2"]
[EndTime "14:35:18 PST"]
[Termination "Vugar_Manafov won by resignation"]

1. e4 e5 2. Nf3 Nc6 3. c3 Nf6 4. d3 d5 5. Nbd2 Be7 6. Be2 O-O 7. O-O Re8 8. Qc2 Bf8 9. Re1 a5 10. a4 h6 11. Bf1 d4 12. Nc4 Nd7 13. Bd2 Ra6 14. g3 Nb6 15. Na3 Bg4 16. Bg2 Qf6 17. Nh4 g5 18. Nf5 Bxf5 19. exf5 Qxf5 20. Bxc6 bxc6 21.
cxd4 Nd5 22. Nc4 f6 23. dxe5 fxe5 24. Ne3 Qd7 25. Rac1 Rb6 26. Nc4 Rbb8 27. Nxe5 Rxe5 28. Rxe5 Bg7 29. Re2 Rxb2 30. Qxc6 Qf7 31. Rc2 Rb1+ 32. Kg2 g4 33. Qe8+ Bf8 34. Qxf7+ Kxf7 35. Re5 c6 36. Rxc6 1-0

[Event "*** Titled Tuesday Blitz"]
[Site "Chess.com"]
[Date "2019.12.03"]
[Round "7"]
[White "Sunrise777"]
[Black "ShahMatKanal"]
[Result "1-0"]
[WhiteElo "2691"]
[BlackElo "2485"]
[TimeControl "180+2"]
[EndTime "14:35:21 PST"]
[Termination "Sunrise777 won by resignation"]

1. d4 d5 2. c4 e6 3. Nc3 Nf6 4.
Nf3 Be7 5. Bf4 Nbd7 6. c5 c6 7. e3 Nh5 8. Bd3 Nxf4 9. exf4 O-O 10. O-O Re8 11. b4 Qc7 12. Ne5 Nf8 13. Re1 g6 14. g3 Bf6 15. b5 Bg7 16. bxc6 bxc6 17.
Qa4 Bd7 18. Rab1 f6 19. Nf3 e5 20. fxe5 fxe5 21. Nxe5 Ne6 22. Nxd5 cxd5 23. Nxd7 Bxd4 24.
c6 Bg7 25. Bf1 Nd4 26. Bg2 Qd6 27. c7 Ne6 28. Rb8 Nxc7 29. Rexe8+ Nxe8 30. Rxa8 Qe6 1-0

[Event "*** Titled Tuesday Blitz"]
[Site "Chess.com"]
[Date "2019.12.03"]
[Round "7"]
[White "Bigfish1995"]
[Black "TigranLPetrosyan"]
[Result "1-0"]
[WhiteElo "3002"]
[BlackElo "2878"]
[TimeControl "180+2"]
[EndTime "14:35:23 PST"]
[Termination "Bigfish1995 won by resignation"]

1. d4 g6 2. c4 Bg7 3. Nc3 f5 4. g3 d6 5. Bg2 Nf6 6. Nf3 O-O 7. O-O c6 8. Qc2 Na6 9. Rd1 Qe8 10. d5 Bd7 11. Nd4 Rc8 12. Qb3 Nc5 13. Qa3 a6 14.
b4 Nce4 15. Bb2 cxd5 16. cxd5 Nxc3 17. Bxc3 Qf7 18. Qb3 Ba4 19. Qxa4 Rxc3 20. Ne6 Rfc8 21. Rd3 Rc2 22. Re1 Ng4 23. Qd7 Ne5 24. Qxb7 Nxd3 25. exd3 f4 26. gxf4 Bd4 27. Nxd4 Rc1 28. Rf1 Qxf4 29. Ne2 Rxf1+ 30. Kxf1 Rc1+ 31. Nxc1 Qxc1+ 32. Ke2 Qc2+ 33. Ke3 Qc1+ 34. Kf3 g5 35. Qxe7 1-0

[Event "*** Titled Tuesday Blitz"]
[Site "Chess.com"]
[Date "2019.12.03"]
[Round "7"]
[White "Winehouse83"]
[Black "Manukyan_Artak"]
[Result "0-1"]
[WhiteElo "2519"]
[BlackElo "2367"]
[TimeControl "180+2"]
[EndTime "14:35:23 PST"]
[Termination "Manukyan_Artak won by resignation"]

1. d4 Nf6 2. c4 e6 3. Nf3 b6 4.
a3 Bb7 5. Nc3 c5 6. d5 exd5 7. cxd5 d6 8. g3 Nbd7 9. Bg2 Be7 10. O-O O-O 11. h3 Re8 12. e4 Bf8 13. Re1 a6 14. a4 c4 15. Nd4 Nc5 16. Bg5 h6 17. Bxf6 Qxf6 18. Bf1 Nd3 19. Bxd3 Qxd4 20.
Bf1 Qc5 21. b3 b5 22. axb5 axb5 23. bxc4 bxc4 24. Qe2 Ba6 25. Ra4 Bb5 26. Rxa8 Rxa8 27. Nxb5 Qxb5 28. Qxc4 Qxc4 29. Bxc4 g5 30. Be2 Bg7 31.
Bg4 Ra1 32. Bd1 Bd4 33. Kg2 Kg7 34. f4 Ra2+ 35. Be2 Bc3 36. Rc1 Rxe2+ 37. Kf3 Bb2 38. Rb1 Rc2 39. e5 dxe5 40. d6 exf4 41. gxf4 Bf6 42.
fxg5 hxg5 43. Rc1 0-1

[Event "*** Titled Tuesday Blitz"]
[Site "Chess.com"]
[Date "2019.12.03"]
[Round "7"]
[White "Noam_Vitenberg"]
[Black "chiwii"]
[Result "0-1"]
[WhiteElo "2314"]
[BlackElo "2028"]
[TimeControl "180+2"]
[EndTime "14:35:26 PST"]
[Termination "chiwii won by checkmate"]

1. c4 Nf6 2. g3 g6 3. Bg2 Bg7 4.
d4 O-O 5. Nf3 d6 6. Nc3 Nc6 7.
O-O e5 8. dxe5 dxe5 9. Bg5 Be6 10. Nd5 Bxd5 11. Bxf6 Qxf6 12. cxd5 Rad8 13. Qb3 Na5 14. Qb5 b6 15. b4 Nb7 16. Rac1 Nd6 17. Qa4 e4 18.
Nd2 Qd4 19. Rfd1 Qxd5 20. Nxe4 Qe6 21. Nxd6 cxd6 22. e3 Qe7 23. Qa6 Bb2 24. Rc2 Be5 25.
Bd5 Kh8 26. Rdc1 Rd7 27. Rc4 f5 28. f4 Bg7 29. e4 fxe4 30. Rxe4 Qf6 31. Rc8 Rdd8 32.
Rxd8 Rxd8 33. Qxa7 Rc8 34. Qf7 Qa1+ 35. Kg2 Rc2+ 36.
Kh3 Qf1+ 37. Kg4 Qd1+ 38. Kg5 Qh5# 0-1

[Event "*** Titled Tuesday Blitz"]
[Site "Chess.com"]
[Date "2019.12.03"]
[Round "7"]
[White "rasmussvane"]
[Black "Micki-taryan"]
[Result "1-0"]
[WhiteElo "2839"]
[BlackElo "2981"]
[TimeControl "180+2"]
[EndTime "14:35:35 PST"]
[Termination "rasmussvane won by resignation"]

1. Nf3 d5 2. g3 Nc6 3. d4 Bf5 4. Bg2 Nb4 5. Na3 e6 6. c3 Nc6 7. Qb3 Rb8 8. O-O Be7 9. Bf4 Nf6 10. c4 O-O 11. cxd5 Nxd5 12. Bd2 Be4 13. e3 Bxa3 14.
Qxa3 Qf6 15. Nh4 Bxg2 16. Kxg2 e5 17. e4 Nb6 18. d5 Nd4 19. Rac1 c6 20. dxc6 bxc6 21.
Nf3 Nd7 22. Nxd4 exd4 23. Bf4 Rb7 24. Qa6 Rxb2 25. Qxa7 Nb6 26. Rb1 Nc8 27. Qa3 Rxb1 28. Rxb1 Qe6 29. Qd3 c5 30. Rc1 Qe7 31. a4 Na7 32. f3 Nc6 33. Qb5 Qe6 34. Rxc5 Qa2+ 35. Kh3 Ne7 36. Qc4 Qf2 37. Bd6 d3 38. Bxe7 d2 39.
Rd5 Re8 40. Qd3 h5 41. Bc5 d1=Q 42. Qxd1 Qa2 43. Be3 h4 44. Rd8 Qe6+ 45. g4 Kh7 46. Rxe8 Qxe8 47. Kxh4 Qd8+ 48. Qxd8 1-0

[Event "*** Titled Tuesday Blitz"]
[Site "Chess.com"]
[Date "2019.12.03"]
[Round "7"]
[White "PawnEatingZombie"]
[Black "davigator"]
[Result "1-0"]
[WhiteElo "2140"]
[BlackElo "2293"]
[TimeControl "180+2"]
[EndTime "14:35:40 PST"]
[Termination "PawnEatingZombie won by resignation"]

1. d4 Nf6 2. c4 e6 3. Nc3 Bb4 4. Qc2 d5 5. cxd5 exd5 6. Bf4 c6 7. e3 O-O 8. Bd3 Bg4 9. Ne2 Bh5 10. f3 Re8 11. O-O-O a5 12. e4 dxe4 13. fxe4 a4 14. e5 Bxe2 15. Nxe2 Ng4 16. Bxh7+ Kh8 17. Qf5 Qh4 18.
Bg3 Qxh7 19. Qxg4 a3 20. b3 Na6 21. Rhf1 Re7 22. Rf5 g6 23. Bh4 Rd7 24. Bf6+ Kg8 25. h4 Kf8 26. Rf3 Ke8 27. Ng3 Nc7 28. Ne4 Nd5 29.
Ng5 Qh5 30. Qxh5 gxh5 31. Ne4 Rc8 32. Nc5 Bxc5 33. dxc5 Nc7 34. Rf5 Rxd1+ 35. Kxd1 Kd7 36. Rxh5 Ke6 37. Rg5 Nd5 38. Ke2 Nxf6 39. exf6 Kxf6 40.
Rg4 Kf5 41. Ra4 Rg8 42. Kf3 Rd8 43. Rxa3 Rd5 44. Ra7 Rxc5 45. Rxb7 Rc2 46. g4+ Kf6 47. a4 Rc3+ 48. Kf4 Rd3 49. a5 Rd4+ 50. Kf3 Rd3+ 51. Ke4 Rd1 52. a6 Ke6 53. a7 Ra1 54. h5 f6 55. h6 Kd6 56. h7 Rh1 57. a8=Q Re1+ 58. Kd3 Re6 59. Qb8+ Kc5 60. b4+ Kd5 61. Rd7+ 1-0

[Event "*** Titled Tuesday Blitz"]
[Site "Chess.com"]
[Date "2019.12.03"]
[Round "7"]
[White "Satscho"]
[Black "CzechmVIII"]
[Result "1-0"]
[WhiteElo "2341"]
[BlackElo "2127"]
[TimeControl "180+2"]
[EndTime "14:35:41 PST"]
[Termination "Satscho won by resignation"]

1. e4 c5 2. Nf3 d6 3. g3 b6 4. Bg2 Bb7 5. d3 e6 6. O-O Nf6 7. Re1 Be7 8. c3 O-O 9. Nbd2 Nbd7 10. b3 Ne5 11. Qe2 Nxf3+ 12. Nxf3 Qc7 13. Bb2 Rfe8 14. Rac1 Bf8 15. h4 e5 16. a3 d5 17. exd5 Nxd5 18.
h5 Nf6 19. Nd2 Bxg2 20. Kxg2 Qb7+ 21. Ne4 Rad8 22. Qf3 Nxe4 23. dxe4 Rd6 24. c4 Qd7 25. Rcd1 Qe6 26. Rd5 f6 27. Red1 Rxd5 28. exd5 Qf7 29. Re1 Bd6 30. Qf5 g6 31. hxg6 hxg6 32. Qg4 Kg7 33.
Rh1 Rh8 34. Rxh8 Kxh8 35. Bc3 Kg7 36. Qe4 Qe7 37. g4 Qd7 38. f3 Qf7 39. g5 f5 40.
Bxe5+ Bxe5 41. Qxe5+ Kh7 42. d6 Kg8 43. Kg3 f4+ 44.
Qxf4 Qd7 45. Qf6 b5 46. Qxg6+ Kf8 47. Qf6+ Ke8 48. Qe7+ Qxe7 49. dxe7 bxc4 50. bxc4 Kxe7 51. Kf4 Ke6 52. Ke4 1-0

[Event "*** Titled Tuesday Blitz"]
[Site "Chess.com"]
[Date "2019.12.03"]
[Round "7"]
[White "LimeInTheCoconut"]
[Black "Vyacheslav_N"]
[Result "0-1"]
[WhiteElo "2344"]
[BlackElo "2477"]
[TimeControl "180+2"]
[EndTime "14:35:44 PST"]
[Termination "Vyacheslav_N won by resignation"]

1. Nf3 f5 2. c4 Nf6 3. d4 e6 4.
g3 Bb4+ 5. Bd2 Be7 6. Bg5 Ne4 7. Bxe7 Qxe7 8. Nbd2 d5 9. a3 O-O 10. Bg2 c6 11. Ne5 Nd7 12. Ndf3 f4 13. O-O fxg3 14.
hxg3 Rf6 15. Qc2 Rh6 16. Nxd7 Bxd7 17. Ne5 Nd6 18. c5 Nf5 19. Qd2 Rf8 20. Bf3 Be8 21.
Kg2 Bh5 22. Bxh5 Rxh5 23. Rh1 Rg5 24. Nf3 Rg4 25. Rh5 g6 26. Rh3 Qg7 27. e3 h5 28.
Ne5 Re4 29. Re1 Nh6 30. f3 Rxe5 31. dxe5 Qxe5 32. Qd4 Qf5 33. Rf1 Ng4 34. Qd2 Ne5 35. Kh1 Qxh3+ 0-1

[Event "*** Titled Tuesday Blitz"]
[Site "Chess.com"]
[Date "2019.12.03"]
[Round "7"]
[White "Sanan_Sjugirov"]
[Black "cool4chess"]
[Result "1/2-1/2"]
[WhiteElo "2905"]
[BlackElo "2626"]
[TimeControl "180+2"]
[EndTime "14:35:46 PST"]
[Termination "Game drawn by agreement"]

1. d4 d5 2. c4 c6 3. Nf3 Nf6 4. e3 e6 5. Bd3 Nbd7 6. O-O Bd6 7. Nbd2 O-O 8. b3 Ne4 9. Nxe4 dxe4 10. Bxe4 Nf6 11. Bc2 Qe7 12. Bb2 Rd8 13. Qe2 Nd7 14. Rad1 b6 15. e4 Bb7 16. e5 Bc7 17. Bc1 h6 18. Qe4 Nf8 19. Qg4 Kh8 20. Qh5 Kg8 21. Be4 Rd7 22. g4 Rb8 23. g5 Qe8 24. gxh6 f5 25. Qxe8 Rxe8 26. Bc2 c5 27. Nh4 Bd8 28. Ng2 cxd4 29. b4 Bf3 30. Ba4 Bxd1 31. Rxd1 Be7 32.
hxg7 Kxg7 33. a3 Rc8 34. Bxd7 Nxd7 35. Nf4 Kf7 36. Nd3 Rxc4 37. Bb2 Bf8 38. Kg2 Bh6 39. f4 Bxf4 40. Nxf4 Rc2+ 41. Kg3 Rxb2 42. Rxd4 Nxe5 43. Rd6 Rb3+ 44. Kg2 Rf3 45. Rxe6 Rxf4 46. Rxe5 Kf6 47. Re8 Rc4 48. Ra8 Rc7 49. h4 Ke5 50.
Kf3 Rc3+ 51. Kg2 Rxa3 52. h5 Kf6 53. Rg8 Re3 54. Rg6+ Kf7 1/2-1/2

[Event "*** Titled Tuesday Blitz"]
[Site "Chess.com"]
[Date "2019.12.03"]
[Round "7"]
[White "albi1999"]
[Black "Radzio1987"]
[Result "1-0"]
[WhiteElo "2618"]
[BlackElo "2844"]
[TimeControl "180+2"]
[EndTime "14:35:46 PST"]
[Termination "albi1999 won by resignation"]

1. d4 Nf6 2. c4 e6 3. Nf3 b6 4.
g3 Ba6 5. b3 Bb4+ 6. Bd2 Be7 7.
Bg2 d5 8. cxd5 exd5 9. O-O O-O 10. Nc3 Nbd7 11. Qc2 Re8 12. Rfd1 Bb4 13. e3 Bf8 14.
Bc1 Rc8 15. Bb2 c6 16. Rac1 Bd6 17. a4 Qe7 18. Qb1 h6 19. Nh4 Qf8 20. Bh3 Rcd8 21. Qc2 Bb7 22. Bg2 Bb8 23. Ra1 Qd6 24. Nf5 Qc7 25. Ba3 Nf8 26. Rac1 Ne6 27. e4 dxe4 28. Nxe4 Nxe4 29. Bxe4 Ng5 30. Bxc6 Nf3+ 31. Kh1 Ne1 32. Qc3 Qd7 33. g4 Re6 34. d5 Qxd5+ 35. Rxd5 Rxd5 36. Bxb7 1-0

[Event "*** Titled Tuesday Blitz"]
[Site "Chess.com"]
[Date "2019.12.03"]
[Round "7"]
[White "allvim"]
[Black "masrahi"]
[Result "1-0"]
[WhiteElo "2183"]
[BlackElo "1945"]
[TimeControl "180+2"]
[EndTime "14:35:51 PST"]
[Termination "allvim won on time"]

1. e4 c6 2. d4 d5 3. Nc3 dxe4 4. Nxe4 Nd7 5. Qe2 e6 6. Nf3 Ngf6 7. Bg5 Be7 8. O-O-O Qc7 9. Kb1 O-O 10.
g4 c5 11. Bxf6 Nxf6 12. Nxf6+ Bxf6 13. g5 Bxd4 14. Nxd4 cxd4 15. Rxd4 Bd7 16. Rh4 g6 17. Rg1 Bc6 18. Rg3 Rad8 19. Rgh3 Qd6 20. Kc1 h5 21. gxh6 Bb5 22. c4 Ba4 23. b3 Qa3+ 24. Kb1 Bc6 25. h7+ Kh8 26. Qb2+ Qxb2+ 27. Kxb2 Rd2+ 28. Kc3 Rxf2 29.
Bd3 Rf3 30. Rxf3 Bxf3 31. Rf4 Bc6 32. Bxg6 Kg7 33. Rxf7+ Rxf7 34. Bxf7 Kxh7 35. Bxe6 Kh6 36. Bd5 1-0

[Event "*** Titled Tuesday Blitz"]
[Site "Chess.com"]
[Date "2019.12.03"]
[Round "7"]
[White "AliKa2810"]
[Black "resha1988"]
[Result "1/2-1/2"]
[WhiteElo "2552"]
[BlackElo "2740"]
[TimeControl "180+2"]
[EndTime "14:35:53 PST"]
[Termination "Game drawn by agreement"]

1. d4 Nf6 2. c4 c6 3. Nc3 d5 4.
Nf3 dxc4 5. a4 e6 6. e3 c5 7. Bxc4 Nc6 8. O-O Be7 9. Qe2 O-O 10.
Rd1 cxd4 11. exd4 Nd5 12. Qe4 Ncb4 13. Bd2 b6 14. Ne5 Bb7 15. Qg4 Rc8 16. Bb3 Nxc3 17.
bxc3 Nd5 18. c4 Nf6 19. Qf4 Bd6 20. Be3 Qc7 21. Bc2 Bxe5 22. dxe5 Qxc4 23. Qxc4 Rxc4 24.
exf6 Rxc2 25. fxg7 Kxg7 26. Rd7 Bd5 27. Rxa7 Rb8 28. h4 h5 29. Kh2 b5 30. axb5 Rxb5 31. R1a3 Rc4 32. Bg5 Rg4 33. Rg3 Rbb4 34. Raa3 Rxg3 35.
Rxg3 Rg4 36. Rxg4 hxg4 37. Kg3 Kg6 38. Kxg4 Bxg2 1/2-1/2

[Event "*** Titled Tuesday Blitz"]
[Site "Chess.com"]
[Date "2019.12.03"]
[Round "7"]
[White "vovachesss"]
[Black "HiHaruka"]
[Result "1-0"]
[WhiteElo "2551"]
[BlackElo "2304"]
[TimeControl "180+2"]
[EndTime "14:35:53 PST"]
[Termination "vovachesss won on time"]

1. e4 Nf6 2. e5 Nd5 3. c4 Nb6 4.
a4 d6 5. a5 N6d7 6. e6 fxe6 7. d4 Nf6 8. Nf3 g6 9. Bd3 Bg7 10. O-O O-O 11. Nc3 Nc6 12. Qe2 e5 13. dxe5 dxe5 14. Rd1 Nd4 15. Qxe5 Nxf3+ 16. gxf3 Qd6 17.
Bf4 Nh5 18. Qxd6 exd6 19. Bg3 Bxc3 20. bxc3 Rxf3 21. Be4 Rxc3 22. a6 Nxg3 23. axb7 Bxb7 24. Bxb7 Ne2+ 25. Kf1 Re8 26. Bd5+ Kf8 27. Rxa7 Nf4 28.
Rxc7 Re7 29. Rc8+ Kg7 30. Rg8+ Kh6 31. Rf8 Nh3 32. Kg2 Re2 33. Rf3 Rxf3 34. Bxf3 Rxf2+ 35. Kg3 g5 36. Rxd6+ Kg7 37. Rd7+ Kf6 38. c5 Rf1 39. Bg2 Rg1 40. Kxh3 h5 41. c6 g4+ 42. Kg3 h4+ 43.
Kf2 Rc1 44. Rd4 Rc2+ 45. Ke3 Rxg2 46. Rc4 Rg1 47. c7 Re1+ 48. Kf4 Re8 49. c8=Q Rxc8 50. Rxc8 g3 51. Rc6+ Kg7 52. hxg3 h3 53. Rc2 1-0

[Event "*** Titled Tuesday Blitz"]
[Site "Chess.com"]
[Date "2019.12.03"]
[Round "7"]
[White "Spring199"]
[Black "Kislov_Oleg"]
[Result "0-1"]
[WhiteElo "2319"]
[BlackElo "2512"]
[TimeControl "180+2"]
[EndTime "14:35:56 PST"]
[Termination "Kislov_Oleg won by checkmate"]

1. d4 Nf6 2. c4 e6 3. Nf3 d5 4. g3 Bb4+ 5. Bd2 Be7 6. Bg2 O-O 7.
O-O Nbd7 8. Qc2 c6 9. b3 Ne4 10. Bc1 f5 11. Ba3 Bxa3 12. Nxa3 Qe7 13. Qb2 b6 14.
Nc2 Ba6 15. Nb4 Bb7 16. Nd3 c5 17. Nde5 dxc4 18. Nxc4 Rfd8 19. Rad1 cxd4 20. Nxd4 Ndc5 21. Nb5 a6 22. Nd4 b5 23. Na5 Rac8 24. Qa3 Ba8 25.
Qb2 Qf6 26. e3 b4 27. Nc4 Nc3 28. Rd2 Bxg2 29. Kxg2 N5e4 30. Rc2 e5 31. Nf3 Rd5 32. a3 a5 33. axb4 axb4 34. Ra1 g5 35. Ra7 g4 36. Nfd2 Nxf2 37. Qa1 Nd3 38. Ra8 Qc6 39.
Rxc8+ Qxc8 40. Kf1 Qc6 41. Qa7 Rd7 42. Qb8+ Kg7 43.
Nxe5 Qh1# 0-1

[Event "*** Titled Tuesday Blitz"]
[Site "Chess.com"]
[Date "2019.12.03"]
[Round "7"]
[White "skoularikii"]
[Black "boasovietica"]
[Result "0-1"]
[WhiteElo "2537"]
[BlackElo "2405"]
[TimeControl "180+2"]
[EndTime "14:35:57 PST"]
[Termination "boasovietica won by resignation"]

1. e4 e5 2. Nf3 Nc6 3. Bb5 a6 4. Ba4 Nf6 5. O-O Be7 6. Re1 b5 7.
Bb3 d6 8. c3 O-O 9. h3 Bb7 10. d4 Nd7 11. a4 exd4 12. cxd4 Bf6 13. Nc3 bxa4 14. Rxa4 Nb6 15. Ra3 Re8 16. Qd3 Nb4 17. Qb1 c5 18. Be3 Rc8 19. dxc5 dxc5 20. Rd1 Qe7 21. Nd5 N6xd5 22. exd5 c4 23. d6 Qd7 24. Ba4 Bc6 25. Bxc6 Rxc6 26. Qc1 Nd3 27. Qc2 Nxb2 28. Rd4 c3 29. Rxc3 Rxc3 30. Qxc3 Nd1 31. Qc7 Qxc7 32. dxc7 Bxd4 33. Bxd4 Rc8 34. Bb6 Nc3 35.
Ne5 Nd5 36. Ba5 Nxc7 37. Nc6 Nd5 38. Nd4 Rc5 39. Bd8 Rc4 40. Nb3 Rb4 41. Na5 Rb2 42.
Kf1 Ra2 43. Nc4 f6 44. Ba5 Ra4 45. Nb6 Rxa5 0-1

[Event "*** Titled Tuesday Blitz"]
[Site "Chess.com"]
[Date "2019.12.03"]
[Round "7"]
[White "rezacz"]
[Black "Konavets"]
[Result "0-1"]
[WhiteElo "2500"]
[BlackElo "2905"]
[TimeControl "180+2"]
[EndTime "14:35:58 PST"]
[Termination "Konavets won by resignation"]

1. c4 e6 2. Nf3 d5 3. b3 d4 4. e3 c5 5. exd4 cxd4 6. g3 Nc6 7.
Bg2 Nf6 8. O-O Be7 9. Re1 O-O 10.
Ne5 Nxe5 11. Rxe5 Qc7 12. Re1 e5 13. d3 Bg4 14. Qc2 Rfe8 15. Bg5 Bb4 16. Nd2 Nd7 17. a3 Bc3 18. Ne4 Bxa1 19. Rxa1 h6 20. Bc1 f5 21. Nd2 e4 22. dxe4 Nc5 23. h3 Be2 24. exf5 Bd3 25. Qd1 Be2 26. Qc2 Bd3 27. Qd1 Bxf5 28.
Bb2 Nd3 29. Qh5 Qd7 30. Bd5+ Be6 31. Bxd4 Bxd5 32. cxd5 Rad8 33. Qg6 Ne5 34. Bxe5 Rxe5 35. Nf3 Rxd5 36. Kg2 Qf5 37. Qxf5 Rxf5 38. Rc1 Rfd5 39. Rc4 Rd3 40. Rb4 b6 41. Ne5 Rc3 42. Ra4 a5 43. b4 Rd4 44. Nf3 Re4 45. Nd2 Re2 46.
Nf3 Rcc2 47. g4 Rxf2+ 48. Kg3 Rf1 49. bxa5 Rc3 50. Rf4 bxa5 51. a4 Ra1 52. h4 Rb1 53. Rf5 Rbb3 54. g5 h5 55. g6 Rb6 56. Rg5 Rf6 57. Rxa5 Rcxf3+ 58. Kg2 R3f4 59. Kh3 Rxg6 60. Rxh5 Rxa4 61. Rb5 Ra3+ 62. Kh2 Ra2+ 63. Kh3 Kh7 64. h5 Rh6 65. Kh4 Raa6 66. Rc5 Ra7 67. Rg5 g6 68. Kg3 Rxh5 69. Rg4 Ra3+ 70. Kg2 Rb5 71.
Rh4+ Kg7 72. Rg4 Rb2+ 73. Kh1 Ra1+ 74. Rg1 Rxg1+ 75. Kxg1 Kf6 0-1

[Event "*** Titled Tuesday Blitz"]
[Site "Chess.com"]
[Date "2019.12.03"]
[Round "7"]
[White "vova-79"]
[Black "Olga_Zhuravleva"]
[Result "1-0"]
[WhiteElo "2493"]
[BlackElo "2252"]
[TimeControl "180+2"]
[EndTime "14:36:02 PST"]
[Termination "vova-79 won by resignation"]

1. d4 Nf6 2. c4 e6 3. Nc3 Bb4 4. e3 O-O 5. Ne2 b6 6. a3 Bxc3+ 7.
Nxc3 d6 8. Be2 Ba6 9. O-O c5 10. b4 Nbd7 11. Bb2 Rc8 12. dxc5 dxc5 13. b5 Bb7 14. a4 Ne5 15. Qc2 Qc7 16. h3 Ba8 17. f4 Ng6 18. a5 bxa5 19. Qa4 Rfd8 20. Rfd1 Nh4 21. Bf1 h6 22. Qxa5 Qxa5 23. Rxa5 Rxd1 24.
Nxd1 Rd8 25. Nf2 Rd2 26. Bxf6 gxf6 27. Rxa7 Rd8 28. Rc7 e5 29. fxe5 fxe5 30. Rxc5 f6 31. Rc7 Nf5 32. b6 Rb8 33. c5 Nxe3 34. Ng4 Nxg4 35.
Bc4+ Kf8 36. hxg4 Ke8 37. Rh7 Rd8 38. Bb5+ Kf8 39. b7 Bxb7 40. Rxb7 Rd1+ 41. Kh2 e4 42. c6 Rc1 43. c7 1-0

[Event "*** Titled Tuesday Blitz"]
[Site "Chess.com"]
[Date "2019.12.03"]
[Round "7"]
[White "BvsN"]
[Black "black_pawn_16"]
[Result "1-0"]
[WhiteElo "2377"]
[BlackElo "2156"]
[TimeControl "180+2"]
[EndTime "14:36:08 PST"]
[Termination "BvsN won by resignation"]

1. d4 f5 2. Nc3 Nf6 3. Bg5 d5 4. Bxf6 exf6 5. e3 Be6 6. Qf3 c6 7. Bd3 g6 8. Nge2 Nd7 9. h3 Bd6 10.
g4 fxg4 11. hxg4 Nf8 12. Nf4 Bf7 13. O-O-O Qc7 14. Nfe2 Nd7 15. e4 O-O-O 16. exd5 cxd5 17. Nxd5 Qa5 18. Ndc3 Nb6 19. Qxf6 Rhf8 20. Qh4 Nc4 21. Bxc4 Bxc4 22. a3 g5 23. Qxh7 Rxf2 24. Rhe1 Rf7 25. Qg6 Rc7 26. Qf5+ Qxf5 27. gxf5 Rf8 28. Rf1 g4 29. f6 g3 30. Rg1 Rg8 31. Rdf1 Rh7 32. Kd2 g2 33. Rf2 Rh1 34. Rgxg2 Rd8 35. f7 Bf8 36.
Rh2 Bh6+ 37. Rxh6 Rxh6 38. f8=Q 1-0

[Event "*** Titled Tuesday Blitz"]
[Site "Chess.com"]
[Date "2019.12.03"]
[Round "7"]
[White "chessdjw"]
[Black "Msb2"]
[Result "1-0"]
[WhiteElo "2683"]
[BlackElo "2801"]
[TimeControl "180+2"]
[EndTime "14:36:10 PST"]
[Termination "chessdjw won by checkmate"]

1. c4 c6 2. Nf3 d5 3. d4 Nf6 4. Nc3 e6 5. Bg5 Nbd7 6. e3 Qa5 7.
cxd5 exd5 8. Nd2 Bb4 9. Qc2 O-O 10. Bd3 Ne4 11. Bxe4 dxe4 12. Ndxe4 Re8 13. Bf4 Rxe4 14. Qxe4 Bxc3+ 15. bxc3 Qxc3+ 16. Ke2 Qb2+ 17. Kf3 Nf6 18. Qd3 Bg4+ 19. Kg3 Be2 20. Qb3 Qd2 21. h3 Ne4+ 22.
Kh2 Nxf2 23. Qxb7 Rf8 24. Rhg1 Bf3 25. Qxa7 Nd3 26. Qc7 Qb2 27. Bd6 Re8 28. Qd7 Ra8 29.
Qf5 Bxg2 30. Rxg2 Qxa1 31. Qxd3 Rxa2 32. Qe4 Rxg2+ 33. Kxg2 Qa8 34. Kg3 h6 35. Bf4 Qc8 36. h4 Qd7 37. h5 Kf8 38. Be5 Qe6 39. Qg4 Qb3 40. Qxg7+ Ke8 41. Qxh6 Qd1 42. Qxc6+ Kf8 43. Qd6+ Kg8 44. Qd8+ Kh7 45. Qh8# 1-0

[Event "*** Titled Tuesday Blitz"]
[Site "Chess.com"]
[Date "2019.12.03"]
[Round "7"]
[White "nau64"]
[Black "Chessmatus"]
[Result "1-0"]
[WhiteElo "2268"]
[BlackElo "2372"]
[TimeControl "180+2"]
[EndTime "14:36:10 PST"]
[Termination "nau64 won by resignation"]

1. d4 Nf6 2. c4 g6 3. Nc3 d5 4. Nf3 Bg7 5. Bg5 Ne4 6. Bh4 Nxc3 7. bxc3 dxc4 8. e3 b5 9. Qb1 c6 10. a4 a6 11. Be2 Nd7 12. O-O O-O 13. Qe4 Nf6 14.
Qxc6 Rb8 15. axb5 axb5 16. Ra7 Bd7 17. Qa6 Nd5 18. Rc1 Ra8 19. Ne5 Rxa7 20. Qxa7 Bxe5 21.
dxe5 Bf5 22. Bf3 Bd3 23. e4 Nf4 24. Bxe7 Qc8 25. Bxf8 Kxf8 26. Qe3 g5 27. h3 h5 28. Ra1 Kg7 29. Bxh5 Qe6 30. Bf3 Qxe5 31. Ra5 Qxc3 32. Rxb5 Qa1+ 33. Kh2 Qf6 34. e5 Qf5 35. Bg4 Qg6 36.
Qd4 Ne6 37. Bxe6 Qxe6 38. Rb6 Qf5 39. Rf6 Qc8 40. e6 Qb8+ 41. g3 fxe6 42. Rxe6+ Kg8 43.
Qd7 1-0